 Dungeon Crawl Stone Soup version 0.24.0-29-g8ce449bc06 (webtiles) character file.

Game seed: 9946628927118434759, levelgen mode: deterministic

880 Flugslaktarn the Chopper (level 7, -1/62 HPs)
             Began as a Minotaur Fighter on Nov 16, 2019.
             Was an Initiate of Gozag.
             Slain by Duvessa
             ... wielding a +2 rapier of electrocution
              (17 damage)
             ... on level 4 of the Dungeon.
             The game lasted 00:02:12 (2788 turns).

Flugslaktarn the Chopper (Minotaur Fighter)         Turns: 2788, Time: 00:02:13

Health: -1/62      AC: 10    Str: 28    XL:     7   Next: 75%
Magic:  6/6        EV:  8    Int:  5    God:    Gozag
Gold:   237        SH: 11    Dex:  9    Spells: 6/6 levels left

rFire    . . .     SeeInvis .   f - +0 war axe (drain)
rCold    . . .     Gourm    .   c - +0 shield
rNeg     . . .     Faith    .   b - +0 scale mail
rPois    .         Spirit   .   (helmet restricted)
rElec    .         Reflect  .   (no cloak)
rCorr    .         Harm     .   g - +0 pair of gloves
MR       .....                  o - +0 pair of boots
Stlth    ..........             j - amulet of inaccuracy (curse)
HPRegen  0.00/turn              (no ring)
MPRegen  0.10/turn              (no ring)

@: mighty
A: retaliatory headbutt, horns 2, inhibited regeneration, wild magic 1
a: Potion Petition, Call Merchant, Bribe Branch, Renounce Religion


You were on level 4 of the Dungeon.
You worshipped Gozag.
Gozag was aware of your devotion.
You were not hungry.

You visited 1 branch of the dungeon, and saw 6 of its levels.

You collected 278 gold pieces.
You paid 41 gold pieces to Gozag.

Inventory:

Hand Weapons
 f - a +0 war axe of draining (weapon)
   (You took it off an orc on level 4 of the Dungeon)
Armour
 b - a +0 scale mail (worn)
 c - a +0 shield (worn)
 g - a +0 pair of gloves (worn)
   (You found it on level 3 of the Dungeon)
 o - a +0 pair of boots (worn)
   (You found it on level 2 of the Dungeon)
Jewellery
 j - a cursed amulet of inaccuracy (around neck)
   (You found it on level 1 of the Dungeon)
Scrolls
 h - a scroll of blinking {unknown}
 i - a scroll of amnesia {unknown}
 q - a scroll of teleportation {unknown}
 s - a scroll of holy word {unknown}
Potions
 d - a potion of might
 l - a potion of lignification
 m - a potion of flight
 n - a potion of resistance
 p - a potion of degeneration
Comestibles
 e - 4 rations


   Skills:
 + Level 5.9 Fighting
 * Level 7.1 Axes
 + Level 6.0 Armour
 + Level 5.9 Shields


You had 6 spell levels left.
You didn't know any spells.
Your spell library was empty.

Dungeon Overview and Level Annotations

Branches:
Dungeon (6/15)
 Temple: D:4-7

Altars:
Ashenzari
Fedhas
Gozag
Hepliaklqana
Nemelex Xobeh
Uskayaw

Annotations:
D:4 Dowan, Duvessa


Innate Abilities, Weirdness & Mutations

You reflexively headbutt those who attack you in melee.
You have a pair of horns on your head.
You do not regenerate when monsters are visible.
Your spells are a little harder to cast, but a little more powerful.


Message History

You are too injured to fight recklessly!
You are too injured to fight recklessly!
You are too injured to fight recklessly!
You are too injured to fight recklessly!
You are too injured to fight recklessly!
You are too injured to fight recklessly!
You are too injured to fight recklessly!
You are too injured to fight recklessly!
Unknown command.
Okay, then.
Okay, then.
Okay, then.
Okay, then.
You feel very mighty all of a sudden.
Duvessa hits you with a +2 rapier of electrocution.
* * * LOW HITPOINT WARNING * * *
You block Duvessa's attack.
You miss Duvessa. Duvessa hits you but does no damage.
You are electrocuted!
You die...
Your body crumbles into a pile of gold.

...#.### ..
....%#.##..##
.###.....##...#
.........<....#
..............#
.........##...#.#
........$#.......
.....($.$...##
........#..@.# ###
........###.e#####..
........# ##........
.....#.####...e..#...
......###........# ..
......#..........#...
.........####..[.....
....### #.....#..
.....##..###....###.


You could see Duvessa and Dowan.

Vanquished Creatures
  A water moccasin (D:5)
  A centaur (D:5)
  2 big kobolds (D:4)
  A bullfrog (D:6)
  3 scorpions
  A jelly (D:5)
  Jessica (D:2)
  Natasha (twice) (D:4)
  An orc wizard (D:4)
  2 worker ants (D:4)
  2 worker ant zombies (D:5)
  4 gnolls (D:3)
  2 adders (D:2)
  A shadow imp (D:5)
  An ooze (D:3)
  A worm (D:2)
  A dart slug (D:3)
  A leopard gecko (D:1)
  4 orcs
  A giant cockroach (D:1)
  8 goblins
  10 hobgoblins
  7 jackals
  2 quokkas
  2 ball pythons
  6 bats
  A frilled lizard (D:2)
  4 kobolds
  A leopard gecko skeleton (D:4)
  A leopard gecko zombie (D:5)
  5 rats
80 creatures vanquished.

Notes
Turn   | Place    | Note
-------+----------+-------------------------------------------
     0 | D:1      | Flugslaktarn the Minotaur Fighter began the quest for the
                  | Orb.
     0 | D:1      | Reached XP level 1. HP: 19/19 MP: 0/0
    74 | D:1      | Reached XP level 2. HP: 27/27 MP: 1/1
   147 | D:1      | Reached skill level 3 in Axes
   666 | D:2      | Reached XP level 3. HP: 25/33 MP: 2/2
   856 | D:2      | Noticed Jessica
   862 | D:2      | Killed Jessica
   863 | D:2      | Reached XP level 4. HP: 40/40 MP: 3/3
   954 | D:2      | Found a hazy altar of Hepliaklqana.
  1070 | D:2      | Found a blossoming altar of Fedhas.
  1172 | D:2      | Reached skill level 4 in Axes
  1444 | D:3      | Reached XP level 5. HP: 33/47 MP: 4/4
  1631 | D:3      | Found a shattered altar of Ashenzari.
  1635 | D:3      | Saw a vision of the Shoals and the Spider Nest.
  1635 | D:3      | Noticed a wolf spider
  1635 | D:3      | Noticed a redback
  1635 | D:3      | Noticed a wolf spider
  1635 | D:3      | Noticed a redback
  1635 | D:3      | Noticed a wolf spider
  1635 | D:3      | Noticed a redback
  1635 | D:3      | Noticed a merfolk
  1635 | D:3      | Noticed a sea snake
  1635 | D:3      | Noticed a merfolk siren
  1635 | D:3      | Noticed a hippogriff
  1635 | D:3      | Noticed a hippogriff
  1635 | D:3      | Noticed a hippogriff
  1636 | D:3      | Noticed a sea snake
  1679 | D:3      | You fall into a shaft and drop 3 floors!
  1703 | D:6      | Found an opulent altar of Gozag.
  1703 | D:6      | Found a sparkling altar of Nemelex Xobeh.
  1735 | D:6      | Became a worshipper of Gozag Ym Sagoz the Greedy
  1761 | D:6      | Reached skill level 5 in Axes
  1761 | D:6      | Reached XP level 6. HP: 47/55 MP: 5/5
  1766 | D:5      | Entered Level 5 of the Dungeon
  1958 | D:5      | Reached skill level 5 in Fighting
  1958 | D:5      | Reached skill level 5 in Armour
  1958 | D:5      | Reached skill level 5 in Shields
  2047 | D:5      | Noticed a water moccasin
  2065 | D:5      | Killed a water moccasin
  2343 | D:4      | Noticed a +0 dagger
  2344 | D:4      | Found a hide-covered altar of Uskayaw.
  2344 | D:4      | Noticed a +0 hand axe
  2351 | D:4      | Reached skill level 6 in Axes
  2385 | D:4      | Reached XP level 7. HP: 61/61 MP: 6/6
  2390 | D:4      | Noticed Natasha
  2396 | D:4      | Killed Natasha
  2432 | D:4      | Noticed Natasha
  2695 | D:4      | Killed Natasha
  2761 | D:4      | Reached skill level 7 in Axes
  2766 | D:4      | Gained mutation: You do not regenerate when monsters are
                  | visible. [potion of mutation]
  2766 | D:4      | Gained mutation: Your spells are a little harder to cast,
                  | but a little more powerful. [potion of mutation]
  2781 | D:4      | Noticed Duvessa
  2783 | D:4      | Noticed Dowan
  2788 | D:4      | Slain by Duvessa

Levels and vault maps discovered:
D:1:      denvon_arrival_planthouse, layout_basic
D:2:      layout_rooms, lemuel_round_altar, lemuel_crystal_altar,
          grunt_ministairs_9, grunt_decor_clamped, uniq_jessica
D:3:      layout_basic, chequers_serial_rivers_large_b,
          grunt_ashenzari_visionary [grunt_ashenzari_visionary_shoals,
          grunt_ashenzari_visionary_spider]
D:4:      layout_cave_pools, dancing_weapons_uskayaw, serial_shops, shop,
          first_ration, uniq_natasha, uniq_duvessa
D:5:      layout_layer_cave, gammafunk_temple_overflow_pools, patterned_corridor
D:6:      layout_loops_cross, grunt_temple_overflow_opulence, kennysheep_mini,
          minmay_temple_entry_sparse_star, serial_park_tiny_1,
          kennysheep_small_spiral

Skill      XL: |  1  2  3  4  5  6  7 |
---------------+----------------------+-----
Axes           | 3 4 5 6 7 |  7.1
Armour         | 4 5 6 |  6.0
Shields        | 4 5 |  5.9
Fighting       | 4 5 |  5.9

Action                   |  1- 3 |  4- 6 |  7- 9 || total
-------------------------+-------+-------+-------++-------
Melee: War axe           |    57 |   100 |    48 ||   205
       Headbutt          |     3 |    24 |     8 ||    35
Invok: Potion Petition   |       |     1 |       ||     1
  Use: Potion            |       |     2 |     2 ||     4
       Scroll            |       |       |     4 ||     4
  Eat: Chunk             |       |     3 |       ||     3
       Ration            |       |     1 |       ||     1
Armor: Scale mail        |    23 |    46 |    20 ||    89
Dodge: Dodged            |    16 |    24 |    11 ||    51
Block: Shield            |    27 |    42 |    25 ||    94
